 Dungeon Crawl Stone Soup version 0.30-a0-1053-gbd8d5ba0ad (webtiles) character file.

Game seed: 12065983924840394814

2471 Dirian the Cleaver (level 9, -8/121 HPs)
             Began as a Minotaur Berserker on Apr 11, 2023.
             Was an Elder of Trog.
             Mangled by an orc knight
             ... wielding a +0 bardiche
              (25 damage)
             ... in a bailey.
             The game lasted 00:09:22 (5470 turns).

Dirian the Cleaver (Minotaur Berserker)             Turns: 5470, Time: 00:09:22

Health: -8/121     AC: 16    Str: 31    XL:     9   Next: 26%
Magic:  8/8        EV: 10    Int:  4    God:    Trog [****..]
Gold:   253        SH:  0    Dex: 11    Spells: 8/8 levels left

rFire   . . .      SeeInvis .    a - +0 broad axe
rCold   . . .      Faith    .    (no shield)
rNeg    . . .      Spirit   .    f - +0 chain mail
rPois   .          Reflect  .    (helmet restricted)
rElec   .          Rampage  .    r - +0 cloak
rCorr   .                        l - +1 pair of gloves
Will    ++...                    g - +0 pair of boots Stlth
                                 c - amulet of the acrobat
HPRegen 1.40/turn                n - +6 ring of strength
MPRegen 0.11/turn                (no ring)

@: berserking, strong-willed, regenerating, very quick
A: horns 2, retaliatory headbutt
a: Renounce Religion, Berserk, Trog's Hand, Brothers in Arms


You were in a bailey.
You worshipped Trog.
Trog was greatly pleased with you.
You visited 1 branch of the dungeon, and saw 7 of its levels.
You also visited: Bailey.

You collected 253 gold pieces.

Inventory:

Hand Weapons
 a - a +0 broad axe (weapon)
 b - a +0 war axe
Missiles
 o - 5 boomerangs
 v - a throwing net (quivered)
Armour
 f - a +0 chain mail (worn)
 g - a +0 pair of boots (worn)
 l - a +1 pair of gloves (worn)
 r - a +0 cloak (worn)
 s - a +0 crystal plate armour
Jewellery
 c - an amulet of the acrobat (around neck)
 n - a +6 ring of strength (left hand)
Scrolls
 p - a scroll of poison
 t - 4 scrolls of teleportation
Potions
 d - a potion of might
 e - 3 potions of mutation
 h - a potion of cancellation
 i - 3 potions of lignification
 j - a potion of berserk rage {unknown}
 k - a potion of invisibility
 m - a potion of heal wounds {unknown}
 q - 3 potions of curing


   Skills:
 + Level 7.8 Fighting
 + Level 11.4 Axes
 + Level 8.1 Armour
 - Level 2.1 Dodging


You had 8 spell levels left.
You didn't know any spells.
Your spell library was empty.

Dungeon Overview and Level Annotations

Branches:
Dungeon (7/15) Zot: 26819  Temple (0/1) D:4          Bailey (1/1) Zot: 5860

Altars:
Hepliaklqana
Nemelex Xobeh
Sif Muna
Uskayaw

Annotations:
Bailey exclusion: door


Innate Abilities, Weirdness & Mutations

You have a pair of horns on your head.
You reflexively headbutt those who attack you in melee.


Message History

You are too injured to fight recklessly!
You are too injured to fight recklessly!
You are too injured to fight recklessly!
You are too injured to fight recklessly!
You are too injured to fight recklessly!
You are too injured to fight recklessly!
Your skin crawls.
You feel strong-willed.
The orc warrior splashes around in the water.
The orc warrior hits you from afar with a +0 glaive.
You slice the orc warrior!!
You kill the orc warrior!
Trog accepts your kill.
You hear a splash. x2
The orc warrior no longer looks unusually strong.
The orc warrior hits you but does no damage.
The orc knight roars a battlecry!
The orc warrior goes into a battle-frenzy!
The orc warrior completely misses you. You furiously retaliate!
You headbutt the orc warrior! You closely miss the orc warrior.
The orc warrior is severely wounded.
The orc warrior hits you with a +0 glaive.
The orc knight hits you from afar with a +0 bardiche.
A red film seems to cover your vision as you go berserk!
You feel yourself moving faster!
You feel mighty!
The orc warrior hits you with a +0 glaive!!
The orc knight hits you from afar with a +0 bardiche!
* * * LOW HITPOINT WARNING * * *
You closely miss the orc warrior.
The orc warrior is severely wounded.
The orc warrior hits you with a +0 glaive!
* * * LOW HITPOINT WARNING * * *
The orc knight hits you from afar with a +0 bardiche!
* * * LOW HITPOINT WARNING * * *
You slice the orc warrior!!
You kill the orc warrior!
Trog accepts your kill.
The orc knight hits you from afar with a +0 bardiche!!
You die...

#.~.# ## #.~.##.
#.~..## .~~..##
≈≈..... ##.~~..#
§...o.. #∩.~~..#
.o.⌠∩o. #.))..#
≈≈o.§§. #.~..# .≈§≈§
#.~@## ...
#.))#########'###+##
#.~.o...o....## ....
#.~~~~~~~~~~..##.∩.#
#..........~~..## ##
##########..~~..###.
##..~~.....
##..~~~~)~ ##.......


You could see an orc knight.

Vanquished Creatures
  Pikel (D:4)
  Sigmund (D:5)
  2 water moccasins (D:5)
  2 ice beasts (D:6)
  3 orc warriors
  A centaur (D:6)
  An ogre (D:5)
  2 phantoms
  4 lemures (D:4)
  A bullfrog (D:6)
  A scorpion (D:6)
  A howler monkey (D:6)
  3 hounds
  An orc priest (D:6)
  A gnoll bouda (D:5)
  3 jellies
  4 iguanas
  3 orc wizards
  3 sleepcaps
  Robin (D:4)
  8 adders
  9 gnolls (D:5)
  2 white imps (D:6)
  2 worms
  4 dart slugs
  24 orcs
  5 ball pythons
  10 endoplasms
  5 giant cockroaches
  21 goblins
  8 hobgoblins
  3 jackals (D:4)
  2 quokkas
  7 bats
  4 frilled lizards
  8 kobolds
  3 rats
164 creatures vanquished.

Vanquished Creatures (others)
  A goblin (D:4)
1 creature vanquished.

Grand Total: 165 creatures vanquished

Notes
Turn   | Place    | Note
-------+----------+-------------------------------------------
     0 | D:1      | Dirian the Minotaur Berserker began the quest for the Orb.
     0 | D:1      | Reached XP level 1. HP: 19/19 MP: 0/0
   197 | D:1      | Reached skill level 4 in Axes
   197 | D:1      | Reached XP level 2. HP: 18/27 MP: 1/1
   944 | D:2      | Reached XP level 3. HP: 34/34 MP: 2/2
  1073 | D:2      | Reached ** piety under Trog
  1076 | D:2      | Reached skill level 5 in Axes
  1076 | D:2      | Reached XP level 4. HP: 41/41 MP: 3/3
  1941 | D:3      | Reached skill level 5 in Fighting
  2161 | D:3      | Reached XP level 5. HP: 48/48 MP: 4/4
  2398 | D:4      | Found a sparkling altar of Nemelex Xobeh.
  2470 | D:4      | Reached *** piety under Trog
  2474 | D:4      | Found a hazy altar of Hepliaklqana.
  2495 | D:4      | Noticed a phantom
  2501 | D:4      | Killed a phantom
  2502 | D:4      | Reached skill level 6 in Axes
  2509 | D:4      | Noticed a lemure
  2509 | D:4      | Noticed Pikel
  2510 | D:4      | Noticed a lemure
  2510 | D:4      | Noticed a lemure
  2510 | D:4      | Noticed a lemure
  2517 | D:4      | Killed a lemure
  2522 | D:4      | Killed a lemure
  2523 | D:4      | Killed a lemure
  2523 | D:4      | Killed a lemure
  2526 | D:4      | Killed Pikel
  2527 | D:4      | Reached skill level 8 in Axes
  2527 | D:4      | Reached skill level 5 in Armour
  2527 | D:4      | Reached XP level 6. HP: 9/57 MP: 5/5
  2527 | D:4      | Reached XP level 7. HP: 10/62 MP: 6/6
  2707 | D:4      | Noticed Robin
  2720 | D:4      | Killed Robin
  2839 | D:4      | Found a staircase to the Ecumenical Temple.
  2864 | D:4      | Found a shimmering blue altar of Sif Muna.
  3215 | D:5      | Entered Level 5 of the Dungeon
  3326 | D:5      | Noticed Sigmund
  3336 | D:5      | Killed Sigmund
  3337 | D:5      | Reached skill level 9 in Axes
  3337 | D:5      | Reached XP level 8. HP: 71/71 MP: 7/7
  4274 | D:6      | Reached skill level 10 in Axes
  4474 | D:6      | Found a hide-covered altar of Uskayaw.
  4702 | D:6      | Reached XP level 9. HP: 65/79 MP: 8/8
  4857 | D:6      | Reached skill level 11 in Axes
  4869 | D:6      | Identified the +7 scimitar of Judgement {speed, rC- Str+2
                  | Int+2 Dex+3}
  5263 | D:7      | Reached **** piety under Trog
  5299 | D:7      | Found a flagged portal.
  5336 | Bailey   | Entered a bailey
  5446 | Bailey   | Noticed an orc knight
  5470 | Bailey   | Mangled by an orc knight

Illustrated notes

Levels and vault maps discovered:
D:1:      tekkud_arrival_beachfront_property, layout_loops_ring, minivault_5
D:2:      layout_loops_ring
D:3:      layout_loops_cross, grunt_ministairs_14
D:4:      layout_cave_pods, kennysheep_mini_moat, mainiacjoe_overflow_24_doors,
          nemelex_spade_bored_becter, minmay_temple_entry_tees, serial_glass,
          glass_columns_c, glass_columns_c, hangedman_decor_riveting,
          uniq_robin, uniq_pikel
D:5:      layout_loops_cross, uniq_sigmund
D:6:      layout_basic, eat_drink_and_be_merry_uskayaw
D:7:      layout_rooms, enter_bailey_5, grunt_decor_mini_mirrors, dk_vineyard_2
Bailey:   bailey_polearm_1, bailey

Skill      XL: |  1  2  3  4  5  6  7  8  9 |
---------------+----------------------------+-----
Fighting       | 4 5 6 7 |  7.8
Axes           | 4 5 8 9 10 11 | 11.4
Armour         | 3 5 7 8 |  8.1
Dodging        | |  2.1

Action                     |  1- 3 |  4- 6 |  7- 9 || total
---------------------------+-------+-------+-------++-------
  Melee: Hand axe          |    54 |    21 |       ||    75
         Headbutt          |     9 |     7 |    41 ||    57
         Punch             |     1 |       |     3 ||     4
         War axe           |       |    61 |    86 ||   147
         Broad axe         |       |       |   119 ||   119
 Invoke: Trog's Hand       |       |     1 |     4 ||     5
         Berserk           |       |     1 |     3 ||     4
    Use: Scroll            |       |     6 |     6 ||    12
         Potion            |       |     1 |     1 ||     2
 Armour: Chain mail        |    27 |    39 |   123 ||   189
         Animal skin       |     1 |       |       ||     1
  Dodge: Dodged            |    36 |    63 |   137 ||   236

Table legend: (Time is in decaauts)
 A = Elapsed time spent in this place.
 B = Non-inter-level travel time spent in this place.
 C = Inter-level travel time spent in this place.
 D = Time resting spent in this place.
 E = Time spent auto-exploring this place.
 F = Levels seen in this place.
 G = Mean time per level.
                   A        B        C        D        E       F      G
               +--------+--------+--------+--------+--------+-----+--------+
         Total |   5525 |   5272 |    253 |     42 |   4163 |   8 |  690.6 |
       Dungeon |   5385 |   5132 |    253 |     42 |   4111 |   7 |  769.3 |
        Bailey |    139 |    139 |      0 |      0 |     52 |   1 |  139.0 |
               +--------+--------+--------+--------+--------+-----+--------+

Top non-repeatable levels by time:
     D:5: 994 daAuts
     D:6: 969 daAuts
     D:1: 909 daAuts
     D:4: 903 daAuts
     D:2: 761 daAuts
     D:3: 667 daAuts
     D:7: 180 daAuts
  Bailey: 139 daAuts
